 Dungeon Crawl Stone Soup version 0.31-a0-221-gbddc013574 (webtiles) character file.

Game seed: 3941368380540623417

46443 qw the Marksminotaur (level 14, -4/133 HPs)
             Began as a Minotaur Hexslinger on July 3, 2023.
             Was an Elder of Okawaru.
             Slain by a shadow (9 damage)
             ... on level 12 of the Dungeon.
             The game lasted 00:07:16 (15279 turns).

qw the Marksminotaur (Minotaur Hexslinger)         Turns: 15279, Time: 00:07:17

Health: -4/133     AC: 20    Str: 13    XL:     14   Next: 4%
Magic:  20/20      EV: 26    Int: 10    God:    Okawaru [****..]
Gold:   1256       SH:  5    Dex: 24    Spells: 14/15 levels left

rFire   + . .        f - +3 triple crossbow of Recklessness {elec, rF+ rN+}
rCold   . . .        (shield currently unavailable)
rNeg    + . .        a - +0 troll leather armour
rPois   +            (helmet restricted)
rElec   .            m - +2 cloak
rCorr   .            j - +2 pair of gloves
SInv    .            e - +2 pair of boots
Will    +....        p - amulet of reflection
Stlth   +++          c - ring of Wetahomi {Wiz *Slow rPois Dex+6}
HPRegen 1.22/turn    r - +4 ring of protection
MPRegen 0.17/turn

%: slow self (1%), reflection, wizardry (x1)
@: about to teleport, heroic
A: horns 2, retaliatory headbutt
a: Renounce Religion, Heroism, Finesse


You were on level 12 of the Dungeon.
You worshipped Okawaru.
Okawaru was greatly pleased with you.
You visited 3 branches of the dungeon, and saw 18 of its levels.

You collected 1256 gold pieces.


Innate Abilities, Weirdness & Mutations

You have a pair of horns on your head.
You reflexively headbutt those who attack you in melee.


   Skills:
 - Level 14.5(19.5) Fighting
 + Level 16.1(21.1) Ranged Weapons
 - Level 7.0(12.0) Armour
 - Level 12.1(17.1) Dodging
 - Level 1.0 Spellcasting
 - Level 2.0 Hexes
 - Level 10.0 Invocations


You had 14 spell levels left.
You knew the following spells:

 Your Spells              Type           Power      Damage    Failure   Level
a - Slow                  Hex            16%        N/A       8%          1

Your spell library contained the following spells:

 Spells                   Type           Power      Damage    Failure   Level
 Inner Flame              Hex/Fire       2%         N/A       32%         3
 Portal Projectile        Hex/Tloc       4%         N/A       32%         3
 Cause Fear               Hex            2%         N/A       54%         4

Inventory:

Hand Weapons
 f - the +3 triple crossbow of Recklessness (weapon) {elec, rF+ rN+}
   (Okawaru gifted it to you on level 5 of the Lair of Beasts)

   rF:        It protects you from fire.
   rN:        It protects you from negative energy.
Armour
 a - a +0 troll leather armour (worn)
 e - a +2 pair of boots (worn)
 j - a +2 pair of gloves (worn)
 m - a +2 cloak (worn)
 s - +0 swamp dragon scales
Jewellery
 c - the ring of Wetahomi (left hand) {Wiz *Slow rPois Dex+6}
   (You found it on level 4 of the Lair of Beasts)

   [ring of wizardry]

   It improves your spell success rate.
   Dex:       It affects your dexterity (+6).
   rPois:     It protects you from poison.
   *Slow:     It may slow you when you take damage.
 n - a ring of poison resistance
 p - an amulet of reflection (around neck)
 r - a +4 ring of protection (right hand)
Wands
 q - a wand of digging (12)
Scrolls
 g - 2 scrolls of teleportation
 i - 5 scrolls of identify
Potions
 d - 3 potions of might
 h - 3 potions of mutation
 k - a potion of curing
 l - 2 potions of haste

Dungeon Overview and Level Annotations

Branches:
Dungeon (12/15)            Temple (1/1) D:5            Lair (5/5) D:9
  Swamp (0/4) Lair:2       Spider (0/4) Lair:3        Slime (0/5) Lair:4
    Orc: D:9-12

Altars:
Ashenzari
Cheibriados
Dithmenos
Elyvilon
Fedhas
Gozag
Hepliaklqana
Kikubaaqudgha
Makhleb
Nemelex Xobeh
Okawaru
Qazlal
Ru
Sif Muna
Trog
Uskayaw
Vehumet
Wu Jian
Xom
Yredelemnul
Zin
The Shining One

Portals:
Abyss: Lair:3

Annotations:
D:3 1 runed translucent door, qw's ghost, amateur MiHs
D:9 exclusion: orc
D:10 1 runed translucent door, Urext's ghost, novice MiBe
Lair:2 3 runed translucent doors, qw's ghost, journeyman GrFi
Lair:3 2 transporters, qw's ghost, journeyman GrFi
Lair:4 1 runed translucent door, qw's ghost, journeyman GrFi


Message History

The meliai misses you. You furiously retaliate!
You headbutt the meliai!
You kill the meliai!
Okawaru accepts your kill.
You shoot a bolt. The bolt closely misses the meliai.
You block the meliai's attack. The meliai completely misses you.
The meliai invokes the aid of its god against you.
Something smites you! The meliai barely misses you. You furiously retaliate!
You headbutt the meliai! The meliai misses you.
15276 ||| READING 4 scrolls of teleportation.
As you read the scroll of teleportation, it crumbles to dust.
You feel strangely unstable. The meliai closely misses you.
The meliai misses you.
A boulder beetle comes into view.
The shadow strikes at you from the darkness!
Reactivating autopickup.
You block the meliai's attack. x2
15277 ||| DRINKING potion of heal wounds.
You feel much better.
The meliai calls down the wrath of its god upon you.
Something smites you!
The boulder beetle leaps!
The shadow misses you. You furiously retaliate!
You headbutt the shadow! The meliai misses you. You block the meliai's attack.
You shoot a bolt. The bolt closely misses the shadow.
The bolt hits the boulder beetle!!
The boulder beetle is heavily wounded.
Your surroundings seem slightly different.
The meliai invokes the aid of its god against you.
Something smites you!
The boulder beetle leaps!
The shadow slips into darkness.
The shadow flickers and vanishes!
Deactivating autopickup; reactivate with Ctrl-A.
The meliai misses you. The meliai closely misses you.
Enter note:
Enter note:
15279 ||| READING 3 scrolls of teleportation.
As you read the scroll of teleportation, it crumbles to dust.
You feel strangely unstable. The meliai hits you but does no damage.
The meliai misses you.
The shadow strikes at you from the darkness!
You die...

.......
..........
......... #.
.......0. ##...
.........##...
........#...
..........#
......0.@# ##
....##{y# #.# .
#)B##..#
#ยค)#...#
##.....# #.....#
##.....#
#.....###### #..
..
##.........###..


You could see a boulder beetle and a meliai.

Vanquished Creatures
  Erica (D:10)
  5 hydras
  2 catoblepae (Lair:5)
  2 two-headed ogres
  Pikel (D:7)
  A swamp dragon (Lair:2)
  3 lindwurms (Lair:5)
  A deep elf pyromancer (D:12)
  2 oklob plants (Lair:2)
  2 manticores (Lair:5)
  A cyclops (D:11)
  15 elephants
  Maurice (D:8)
  9 cane toads
  3 black mambas
  3 torpor snails (Lair:2)
  11 komodo dragons
  5 rime drakes
  2 meliai (D:12)
  2 hornets
  3 polar bears
  2 trolls
  A troll (shapeshifter) (D:10)
  A hornet (shapeshifter) (D:10)
  18 blink frogs
  4 dream sheep (Lair:5)
  2 shadows
  12 wyverns
  49 yaks
  A wraith (D:11)
  Eustachio (D:4)
  3 vampire mosquitoes (D:11)
  4 basilisks
  3 redbacks (Lair:3)
  Menkaure (D:7)
  12 water moccasins
  5 orc warriors
  A swamp drake (D:9)
  A black bear (D:6)
  11 wolves
  An ogre (D:5)
  A phantom (D:3)
  2 kobold brigands
  4 lemures (D:7)
  9 bullfrogs
  A gnoll sergeant (D:10)
  A scorpion (D:5)
  3 howler monkeys
  2 electric eels (D:9)
  A crimson imp (D:5)
  3 jellies
  8 orc priests
  A gnoll bouda (D:9)
  A hound (D:5)
  A sleepcap (D:7)
  Jessica (D:3)
  Natasha (twice) (D:2)
  2 iguanas
  10 orc wizards
  7 gnolls
  4 adders
  A river rat (D:4)
  2 white imps
  An ufetubus (D:5)
  2 worms
  4 dart slugs
  28 orcs
  11 ball pythons
  7 endoplasms
  5 giant cockroaches
  7 goblins
  9 hobgoblins
  4 jackals (D:1)
  13 kobolds
  3 quokkas
  7 bats
  7 frilled lizards
  9 rats
392 creatures vanquished.

Notes
Turn   | Place    | Note
-------+----------+-------------------------------------------
     0 | D:1      | qw the Minotaur Hexslinger began the quest for the Orb.
     0 | D:1      | Reached XP level 1. HP: 16/16 MP: 1/1
     0 | D:1      | 0 ||| qw: Version: 0.3-a-40-ge99b1a8
     0 | D:1      | 0 ||| qw: Game counter: 587
     0 | D:1      | 0 ||| qw: Melee chars always use a shield: true
     0 | D:1      | 0 ||| qw: God list: Okawaru
     0 | D:1      | 0 ||| qw: Allow faded altars: false
     0 | D:1      | 0 ||| qw: Do Orc after clearing Dungeon:15 true
     0 | D:1      | 0 ||| qw: Do second Lair branch before Depths: true
     0 | D:1      | 0 ||| qw: Lair rune preference: random
     0 | D:1      | 0 ||| qw: Goals: Normal
     0 | D:1      | 0 ||| PLANNING D:1-11
   151 | D:1      | Reached skill level 3 in Ranged Weapons
   152 | D:1      | Reached XP level 2. HP: 14/23 MP: 2/2
   333 | D:1      | Reached XP level 3. HP: 29/29 MP: 3/3
   442 | D:1      | You fall into a shaft and drop 1 floor!
   483 | D:2      | 483 ||| UPGRADING to +0 cloak.
   488 | D:2      | 488 ||| READING 2 scrolls labelled QOBLIA WENTAU.
   489 | D:2      | 489 ||| READING scroll labelled ROYZIR RUZE.
   490 | D:2      | 490 ||| READING scroll labelled ZEGUCS YQEOTU.
   493 | D:2      | 493 ||| DROPPING scroll of fog.
   494 | D:2      | 494 ||| DROPPING scroll of poison.
   495 | D:2      | 495 ||| Stepping randomly (stuck).
   496 | D:2      | 496 ||| Stepping randomly (stuck).
   497 | D:2      | 497 ||| Stepping randomly (stuck).
   498 | D:2      | 498 ||| Stepping randomly (stuck).
   499 | D:2      | 499 ||| Stepping randomly (stuck).
   500 | D:2      | 500 ||| Stepping randomly (stuck).
   501 | D:2      | 501 ||| Stepping randomly (stuck).
   502 | D:2      | 502 ||| Stepping randomly (stuck).
   503 | D:2      | 503 ||| Stepping randomly (stuck).
   504 | D:2      | 504 ||| Stepping randomly (stuck).
   506 | D:2      | 506 ||| Stepping randomly (stuck).
   507 | D:2      | 507 ||| Stepping randomly (stuck).
   508 | D:2      | 508 ||| Stepping randomly (stuck).
   509 | D:2      | 509 ||| Stepping randomly (stuck).
   510 | D:2      | 510 ||| Stepping randomly (stuck).
   511 | D:2      | 511 ||| Stepping randomly (stuck).
   512 | D:2      | 512 ||| Stepping randomly (stuck).
   513 | D:2      | 513 ||| Stepping randomly (stuck).
   514 | D:2      | 514 ||| Stepping randomly (stuck).
   515 | D:2      | 515 ||| Stepping randomly (stuck).
   516 | D:2      | 516 ||| Stepping randomly (stuck).
   517 | D:2      | 517 ||| Stepping randomly (stuck).
   518 | D:2      | 518 ||| Stepping randomly (stuck).
   519 | D:2      | 519 ||| Stepping randomly (stuck).
   520 | D:2      | 520 ||| Stepping randomly (stuck).
   521 | D:2      | 521 ||| Stepping randomly (stuck).
   522 | D:2      | 522 ||| Stepping randomly (stuck).
   523 | D:2      | 523 ||| Stepping randomly (stuck).
   524 | D:2      | 524 ||| Stepping randomly (stuck).
   525 | D:2      | 525 ||| Stepping randomly (stuck).
   526 | D:2      | 526 ||| Stepping randomly (stuck).
   527 | D:2      | 527 ||| Stepping randomly (stuck).
   528 | D:2      | 528 ||| Stepping randomly (stuck).
   529 | D:2      | 529 ||| Stepping randomly (stuck).
   530 | D:2      | 530 ||| Stepping randomly (stuck).
   531 | D:2      | 531 ||| Stepping randomly (stuck).
   532 | D:2      | 532 ||| Stepping randomly (stuck).
   533 | D:2      | 533 ||| Stepping randomly (stuck).
   534 | D:2      | 534 ||| Stepping randomly (stuck).
   535 | D:2      | 535 ||| Stepping randomly (stuck).
   536 | D:2      | 536 ||| Stepping randomly (stuck).
   537 | D:2      | 537 ||| Stepping randomly (stuck).
   538 | D:2      | 538 ||| Stepping randomly (stuck).
   539 | D:2      | 539 ||| Stepping randomly (stuck).
   540 | D:2      | 540 ||| Stepping randomly (stuck).
   541 | D:2      | 541 ||| Stepping randomly (stuck).
   542 | D:2      | 542 ||| Stepping randomly (stuck).
   543 | D:2      | 543 ||| Stepping randomly (stuck).
   544 | D:2      | 544 ||| Stepping randomly (stuck).
   545 | D:2      | 545 ||| Stepping randomly (stuck).
   546 | D:2      | 546 ||| Stepping randomly (stuck).
   547 | D:2      | 547 ||| Stepping randomly (stuck).
   548 | D:2      | 548 ||| Stepping randomly (stuck).
   549 | D:2      | 549 ||| Stepping randomly (stuck).
   550 | D:2      | 550 ||| Stepping randomly (stuck).
   551 | D:2      | 551 ||| Stepping randomly (stuck).
   552 | D:2      | 552 ||| Stepping randomly (stuck).
   553 | D:2      | 553 ||| Stepping randomly (stuck).
   554 | D:2      | 554 ||| Stepping randomly (stuck).
   555 | D:2      | 555 ||| Stepping randomly (stuck).
   556 | D:2      | 556 ||| Stepping randomly (stuck).
   557 | D:2      | 557 ||| Stepping randomly (stuck).
   558 | D:2      | 558 ||| Stepping randomly (stuck).
   559 | D:2      | 559 ||| Stepping randomly (stuck).
   560 | D:2      | 560 ||| Stepping randomly (stuck).
   561 | D:2      | 561 ||| Stepping randomly (stuck).
   562 | D:2      | 562 ||| Stepping randomly (stuck).
   563 | D:2      | 563 ||| Stepping randomly (stuck).
   564 | D:2      | 564 ||| Stepping randomly (stuck).
   566 | D:2      | 566 ||| Stepping randomly (stuck).
   567 | D:2      | 567 ||| Stepping randomly (stuck).
   568 | D:2      | 568 ||| Stepping randomly (stuck).
   569 | D:2      | 569 ||| Stepping randomly (stuck).
   570 | D:2      | 570 ||| Stepping randomly (stuck).
   571 | D:2      | 571 ||| Stepping randomly (stuck).
   572 | D:2      | 572 ||| Stepping randomly (stuck).
   573 | D:2      | 573 ||| Stepping randomly (stuck).
   574 | D:2      | 574 ||| Stepping randomly (stuck).
   575 | D:2      | 575 ||| Stepping randomly (stuck).
   576 | D:2      | 576 ||| Stepping randomly (stuck).
   577 | D:2      | 577 ||| Stepping randomly (stuck).
   578 | D:2      | 578 ||| Stepping randomly (stuck).
   588 | D:2      | Reached skill level 4 in Ranged Weapons
   787 | D:1      | 787 ||| READING scroll labelled QUUPPUEJADGH.
   788 | D:1      | 788 ||| READING 2 scrolls labelled PARYNG TUAKK.
   840 | D:1      | 840 ||| DROPPING scroll of torment.
   896 | D:2      | Identified the +0 leather armour of Inquiry {MP+9 Dex+4}
  1087 | D:2      | Noticed Natasha
  1095 | D:2      | Killed Natasha
  1096 | D:2      | Reached XP level 4. HP: 35/36 MP: 4/4
  1105 | D:2      | Found a faded altar of an unknown god.
  1115 | D:2      | 1115 ||| Stepping ~*~*~tactically~*~*~ (water).
  1264 | D:2      | Noticed Natasha
  1270 | D:2      | Killed Natasha
  1271 | D:2      | Reached skill level 5 in Ranged Weapons
  1568 | D:2      | 1568 ||| UPGRADING to +0 leather armour of Inquiry {MP+9
                  | Dex+4}.
  1578 | D:2      | 1578 ||| DROPPING +0 robe.
  1579 | D:2      | 1579 ||| UPGRADING to +0 pair of boots.
  1648 | D:2      | 1648 ||| READING scroll labelled XAAMOS IMUEHACH.
  1649 | D:2      | 1649 ||| READING scroll labelled VOINNA VUOKIG.
  1750 | D:2      | 1750 ||| READING scroll labelled WUSUAM IRPHO.
  1751 | D:2      | 1751 ||| DRINKING 2 emerald potions.
  1752 | D:2      | 1752 ||| DROPPING potion of attraction.
  1789 | D:3      | Noticed Jessica
  1794 | D:3      | Killed Jessica
  1795 | D:3      | Reached XP level 5. HP: 44/44 MP: 5/5
  1835 | D:3      | Reached skill level 3 in Fighting
  1867 | D:3      | Noticed a phantom
  1879 | D:3      | Killed a phantom
  1880 | D:3      | Reached skill level 3 in Armour
  1974 | D:3      | Identified the +1 leather armour of Responsibility {Rampage
                  | rElec rC- Stlth+}
  2014 | D:3      | Found a runed translucent door.
  2021 | D:3      | Noticed qw's ghost (amateur MiHs)
  2273 | D:3      | 2273 ||| DROPPING +1 leather armour of Responsibility
                  | {Rampage rElec rC- Stlth+}.
  2274 | D:3      | 2274 ||| UPGRADING to amulet of the acrobat.
  2279 | D:3      | 2279 ||| READING scroll labelled EGADAY QIPT.
  2280 | D:3      | 2280 ||| READING scroll labelled SOJIMIHE APAU.
  2281 | D:3      | 2281 ||| READING scroll labelled SUELYO RUHI.
  2282 | D:3      | 2282 ||| DRINKING 2 amethyst potions.
  2283 | D:3      | 2283 ||| READING 2 scrolls of identify.
  2283 | D:3      | 2283 ||| IDENTIFYING clear potion
  2284 | D:3      | 2284 ||| DROPPING potion of degeneration.
  2300 | D:4      | 2300 ||| PLANNING SEWER
  2427 | D:4      | Found a blossoming altar of Fedhas.
  2463 | D:4      | Reached XP level 6. HP: 33/51 MP: 6/6
  2560 | D:4      | Reached skill level 6 in Ranged Weapons
  2560 | D:4      | 2560 ||| FLEEEEING.
  2560 | D:4      | Found a hide-covered altar of Uskayaw.
  2561 | D:4      | 2561 ||| FLEEEEING.
  2562 | D:4      | 2562 ||| FLEEEEING.
  2562 | D:4      | HP: 12/51 [orc priest/divine providence (11)]
  2563 | D:4      | 2563 ||| FLEEEEING.
  2564 | D:4      | 2564 ||| FLEEEEING.
  2565 | D:4      | 2565 ||| FLEEEEING.
  2566 | D:4      | 2566 ||| FLEEEEING.
  2567 | D:4      | 2567 ||| FLEEEEING.
  2568 | D:4      | 2568 ||| FLEEEEING.
  2569 | D:4      | 2569 ||| FLEEEEING.
  2570 | D:4      | 2570 ||| FLEEEEING.
  2571 | D:4      | 2571 ||| FLEEEEING.
  2572 | D:4      | 2572 ||| FLEEEEING.
  2575 | D:4      | 2575 ||| FLEEEEING.
  2578 | D:4      | 2578 ||| FLEEEEING.
  2579 | D:4      | 2579 ||| FLEEEEING.
  2580 | D:4      | 2580 ||| FLEEEEING.
  2581 | D:4      | 2581 ||| STAIRDANCE
  2588 | D:3      | 2588 ||| Stepping randomly (disturbance).
  2727 | D:4      | 2727 ||| STAIRDANCE
  2824 | D:4      | Found a sparkling altar of Nemelex Xobeh.
  2925 | D:4      | 2925 ||| RIP SEWER
  2932 | D:4      | 2932 ||| PLANNING D:1-11
  3153 | D:4      | Noticed Eustachio
  3161 | D:4      | Killed Eustachio
  3162 | D:4      | Reached skill level 7 in Ranged Weapons
  3162 | D:4      | Reached XP level 7. HP: 55/59 MP: 7/7
  3349 | D:4      | 3349 ||| UPGRADING to +2 pair of gloves.
  3354 | D:4      | 3354 ||| READING scroll labelled LOZUOS WOUNATT.
  3381 | D:5      | Entered Level 5 of the Dungeon
  3401 | D:5      | Reached skill level 3 in Dodging
  3402 | D:5      | Found a staircase to the Ecumenical Temple.
  3403 | D:5      | 3403 ||| PLANNING TEMPLE
  3411 | Temple   | Entered the Ecumenical Temple
  3421 | Temple   | 3421 ||| PLANNING OKAWARU WORSHIP
  3564 | Temple   | Became a worshipper of Warmaster Okawaru
  3565 | Temple   | 3565 ||| PLANNING D:1-11
  3642 | D:5      | Reached skill level 8 in Ranged Weapons
  3779 | D:5      | Found a white marble altar of Elyvilon.
  3779 | D:5      | Found a broken altar of Ashenzari.
  3990 | D:5      | Found a burning altar of Makhleb.
  4117 | D:5      | 4117 ||| READING 2 scrolls labelled ZYCZAM UD QOH.
  4118 | D:5      | 4118 ||| READING scroll of enchant weapon.
  4118 | D:5      | 4118 ||| ENCHANTING +2 sling of freezing.
  4119 | D:5      | 4119 ||| READING scroll labelled XEJIRAITHRA.
  4120 | D:5      | 4120 ||| READING 2 scrolls of identify.
  4120 | D:5      | 4120 ||| IDENTIFYING fuming brown potion
  4159 | D:6      | Identified the +8 trident of Due Proportion {freeze, rElec
                  | Int+4}
  4229 | D:6      | Reached XP level 8. HP: 68/68 MP: 8/8
  4301 | D:6      | Reached * piety under Okawaru
  4561 | D:6      | Found a sacrificial altar of Ru.
  4641 | D:6      | Found a snail-covered altar of Cheibriados.
  4722 | D:6      | Reached skill level 9 in Ranged Weapons
  4787 | D:6      | 4787 ||| FLEEEEING.
  4788 | D:6      | 4788 ||| FLEEEEING.
  4811 | D:6      | 4811 ||| INVOKING Heroism.
  4995 | D:6      | Found a basalt altar of Yredelemnul.
  5287 | D:6      | 5287 ||| UPGRADING to ring of poison resistance.
  5288 | D:6      | 5288 ||| READING scroll labelled OMUIVO VUEQ.
  5347 | D:7      | Reached skill level 6 in Fighting
  5373 | D:7      | 5373 ||| FLEEEEING.
  5374 | D:7      | 5374 ||| FLEEEEING.
  5375 | D:7      | 5375 ||| FLEEEEING.
  5376 | D:7      | 5376 ||| FLEEEEING.
  5377 | D:7      | 5377 ||| FLEEEEING.
  5378 | D:7      | 5378 ||| FLEEEEING.
  5379 | D:7      | 5379 ||| FLEEEEING.
  5380 | D:7      | 5380 ||| STAIRDANCE
  5482 | D:6      | 5482 ||| READING scroll of brand weapon.
  5482 | D:6      | 5482 ||| BRANDING +3 sling of freezing.
  5487 | D:7      | 5487 ||| INVOKING Heroism.
  5491 | D:7      | Noticed Menkaure
  5493 | D:7      | 5493 ||| STAIRDANCE
  5607 | D:7      | 5607 ||| INVOKING Heroism.
  5610 | D:7      | Killed Menkaure
  5618 | D:7      | 5618 ||| STAIRDANCE
  5623 | D:7      | 5623 ||| INVOKING Heroism.
  5626 | D:7      | Reached skill level 1 in Invocations
  5692 | D:7      | Noticed Pikel
  5693 | D:7      | 5693 ||| INVOKING Heroism.
  5702 | D:7      | 5702 ||| INVOKING Heroism.
  5711 | D:7      | Killed Pikel
  5712 | D:7      | Reached skill level 11 in Ranged Weapons
  5712 | D:7      | Reached XP level 9. HP: 38/75 MP: 9/9
  6188 | D:7      | 6188 ||| UPGRADING to ring of willpower.
  6189 | D:7      | 6189 ||| READING scroll labelled OPNIFI GO UGHO.
  6219 | D:8      | 6219 ||| Stepping ~*~*~tactically~*~*~ (outnumbered).
  6221 | D:8      | 6221 ||| Stepping ~*~*~tactically~*~*~ (outnumbered).
  6223 | D:8      | 6223 ||| Stepping ~*~*~tactically~*~*~ (outnumbered).
  6225 | D:8      | 6225 ||| Stepping ~*~*~tactically~*~*~ (outnumbered).
  6300 | D:8      | Found a hazy altar of Hepliaklqana.
  6367 | D:8      | Noticed Maurice
  6370 | D:8      | 6370 ||| FLEEEEING.
  6371 | D:8      | 6371 ||| FLEEEEING.
  6372 | D:8      | 6372 ||| INVOKING Heroism.
  6385 | D:8      | Killed Maurice
  6386 | D:8      | Reached skill level 3 in Invocations
  6533 | D:8      | Reached ** piety under Okawaru
  6815 | D:8      | 6815 ||| READING scroll of enchant armour.
  6815 | D:8      | 6815 ||| ENCHANTING +0 pair of boots.
  6873 | D:8      | 6873 ||| Stepping ~*~*~tactically~*~*~ (outnumbered).
  6946 | D:8      | 6946 ||| UPGRADING to amulet of reflection.
  6956 | D:8      | 6956 ||| DROPPING amulet of the acrobat.
  6957 | D:8      | 6957 ||| READING 2 scrolls of identify.
  6957 | D:8      | 6957 ||| IDENTIFYING dark potion
  6996 | D:9      | 6996 ||| INVOKING Heroism.
  7162 | D:9      | Reached skill level 6 in Dodging
  7176 | D:9      | 7176 ||| INVOKING Heroism.
  7179 | D:9      | Reached XP level 10. HP: 51/86 MP: 12/12
  7184 | D:9      | Reached skill level 12 in Ranged Weapons
  7381 | D:9      | 7381 ||| INVOKING Heroism.
  7411 | D:9      | 7411 ||| INVOKING Heroism.
  7424 | D:9      | Reached *** piety under Okawaru
  7468 | D:9      | Found a staircase to the Lair.
  7571 | D:9      | 7571 ||| INVOKING Heroism.
  7590 | D:9      | 7590 ||| INVOKING Heroism.
  7593 | D:9      | Reached skill level 13 in Ranged Weapons
  7840 | D:9      | Noticed a two-headed ogre
  7841 | D:9      | 7841 ||| INVOKING Heroism.
  7849 | D:9      | Killed a two-headed ogre
  7850 | D:9      | Reached skill level 9 in Fighting
  8057 | D:9      | 8057 ||| INVOKING Heroism.
  8123 | D:9      | 8123 ||| INVOKING Heroism.
  8140 | D:9      | 8140 ||| Stepping ~*~*~tactically~*~*~ (outnumbered).
  8144 | D:9      | 8144 ||| UPGRADING to +0 troll leather armour.
  8146 | D:9      | 8146 ||| UPGRADING to +0 troll leather armour.
  8147 | D:9      | 8147 ||| UPGRADING to +0 troll leather armour.
  8149 | D:9      | 8149 ||| UPGRADING to +0 troll leather armour.
  8150 | D:9      | 8150 ||| UPGRADING to +0 troll leather armour.
  8151 | D:9      | 8151 ||| UPGRADING to +0 troll leather armour.
  8154 | D:9      | 8154 ||| UPGRADING to +0 troll leather armour.
  8155 | D:9      | 8155 ||| UPGRADING to +0 troll leather armour.
  8156 | D:9      | 8156 ||| UPGRADING to +0 troll leather armour.
  8157 | D:9      | 8157 ||| UPGRADING to +0 troll leather armour.
  8158 | D:9      | 8158 ||| UPGRADING to +0 troll leather armour.
  8159 | D:9      | 8159 ||| UPGRADING to +0 troll leather armour.
  8160 | D:9      | 8160 ||| UPGRADING to +0 troll leather armour.
  8161 | D:9      | 8161 ||| UPGRADING to +0 troll leather armour.
  8162 | D:9      | 8162 ||| UPGRADING to +0 troll leather armour.
  8163 | D:9      | 8163 ||| UPGRADING to +0 troll leather armour.
  8164 | D:9      | 8164 ||| UPGRADING to +0 troll leather armour.
  8165 | D:9      | 8165 ||| UPGRADING to +0 troll leather armour.
  8166 | D:9      | 8166 ||| UPGRADING to +0 troll leather armour.
  8167 | D:9      | 8167 ||| UPGRADING to +0 troll leather armour.
  8168 | D:9      | 8168 ||| UPGRADING to +0 troll leather armour.
  8168 | D:9      | HP: 21/91 [orc warrior/+0 flail (7)]
  8169 | D:9      | 8169 ||| READING 5 scrolls of teleportation.
  8170 | D:9      | 8170 ||| UPGRADING to +0 troll leather armour.
  8171 | D:9      | 8171 ||| UPGRADING to +0 troll leather armour.
  8172 | D:9      | 8172 ||| UPGRADING to +0 troll leather armour.
  8219 | D:9      | 8219 ||| FLEEEEING.
  8220 | D:9      | 8220 ||| FLEEEEING.
  8233 | D:9      | 8233 ||| FLEEEEING.
  8234 | D:9      | 8234 ||| FLEEEEING.
  8235 | D:9      | 8235 ||| FLEEEEING.
  8237 | D:9      | 8237 ||| STAIRDANCE
  8369 | D:8      | 8369 ||| UPGRADING to +0 troll leather armour.
  8379 | D:8      | 8379 ||| DROPPING +0 leather armour of Inquiry {MP+9
                  | Dex+4}.
  8382 | D:9      | 8382 ||| INVOKING Heroism.
  8539 | D:9      | 8539 ||| PLANNING LAIR
  8643 | Lair:1   | Entered Level 1 of the Lair of Beasts
  8671 | Lair:1   | 8671 ||| INVOKING Heroism.
  8718 | Lair:1   | Noticed a cane toad
  8719 | Lair:1   | 8719 ||| INVOKING Heroism.
  8727 | Lair:1   | Killed a cane toad
  8744 | Lair:1   | Reached skill level 14 in Ranged Weapons
  8801 | Lair:1   | Reached XP level 11. HP: 97/97 MP: 13/13
  8832 | Lair:1   | 8832 ||| INVOKING Heroism.
  8954 | Lair:1   | 8954 ||| INVOKING Heroism.
  9009 | Lair:1   | 9009 ||| INVOKING Heroism.
  9452 | Lair:1   | 9452 ||| DRINKING 2 white potions.
  9453 | Lair:1   | 9453 ||| DRINKING 2 glowing pink potions.
  9485 | Lair:1   | 9485 ||| DROPPING potion of lignification.
  9499 | Lair:2   | 9499 ||| INVOKING Heroism.
  9514 | Lair:2   | Reached **** piety under Okawaru
  9552 | Lair:2   | Found a staircase to the Swamp.
  9553 | Lair:2   | Noticed a swamp dragon
  9568 | Lair:2   | Killed a swamp dragon
  9607 | Lair:2   | 9607 ||| INVOKING Heroism.
  9619 | Lair:2   | Noticed a five-headed hydra
  9626 | Lair:2   | 9626 ||| INVOKING Heroism.
  9637 | Lair:2   | HP: 25/101 [five-headed hydra (13)]
  9638 | Lair:2   | 9638 ||| READING 5 scrolls of teleportation.
  9641 | Lair:2   | Killed a five-headed hydra
  9732 | Lair:2   | Found a runed translucent gate.
  9754 | Lair:2   | 9754 ||| INVOKING Heroism.
  9801 | Lair:2   | Reached skill level 6 in Invocations
  9802 | Lair:2   | 9802 ||| INVOKING Heroism.
  9806 | Lair:2   | HP: 21/102 [elephant (11)]
  9807 | Lair:2   | 9807 ||| READING 4 scrolls of teleportation.
  9823 | Lair:2   | 9823 ||| FLEEEEING.
  9824 | Lair:2   | 9824 ||| FLEEEEING.
  9831 | Lair:2   | 9831 ||| STAIRDANCE
  9885 | Lair:1   | 9885 ||| UPGRADING to +2 cloak.
  9895 | Lair:1   | 9895 ||| DROPPING +0 cloak.
  9896 | Lair:1   | 9896 ||| DROPPING amulet of guardian spirit.
  9958 | Lair:2   | Found a blossoming altar of Fedhas.
 10002 | Lair:2   | Reached ***** piety under Okawaru
 10022 | Lair:2   | Noticed an oklob plant
 10023 | Lair:2   | 10023 ||| INVOKING Heroism.
 10024 | Lair:2   | 10024 ||| INVOKING Finesse.
 10029 | Lair:2   | Killed an oklob plant
 10075 | Lair:2   | Noticed an oklob plant
 10076 | Lair:2   | 10076 ||| INVOKING Heroism.
 10085 | Lair:2   | Killed an oklob plant
 10086 | Lair:2   | Reached skill level 12 in Fighting
 10210 | Lair:2   | 10210 ||| INVOKING Heroism.
 10216 | Lair:2   | Reached XP level 12. HP: 112/112 MP: 13/16
 10261 | Lair:2   | Noticed qw's ghost (journeyman GrFi)
 10286 | Lair:2   | 10286 ||| Stepping ~*~*~tactically~*~*~ (outnumbered).
 10315 | Lair:2   | Reached skill level 9 in Dodging
 10328 | Lair:2   | Identified the +6 mace of the Toadstool {venom, Stlth+}
 10363 | Lair:2   | 10363 ||| INVOKING Heroism.
 10403 | Lair:2   | 10403 ||| FLEEEEING.
 10405 | Lair:2   | 10405 ||| INVOKING Heroism.
 10424 | Lair:2   | Found a snail-covered altar of Cheibriados.
 10430 | Lair:2   | 10430 ||| FLEEEEING.
 10431 | Lair:2   | 10431 ||| FLEEEEING.
 10432 | Lair:2   | 10432 ||| FLEEEEING.
 10433 | Lair:2   | 10433 ||| FLEEEEING.
 10434 | Lair:2   | 10434 ||| FLEEEEING.
 10435 | Lair:2   | 10435 ||| FLEEEEING.
 10436 | Lair:2   | 10436 ||| FLEEEEING.
 10437 | Lair:2   | 10437 ||| FLEEEEING.
 10438 | Lair:2   | 10438 ||| INVOKING Heroism.
 10624 | Lair:2   | Found a runed translucent gate.
 10624 | Lair:2   | Found a runed translucent gate.
 10667 | Lair:2   | 10667 ||| INVOKING Heroism.
 10873 | Lair:3   | 10873 ||| INVOKING Heroism.
 10883 | Lair:3   | Reached skill level 6 in Armour
 10914 | Lair:3   | Noticed a cacodemon
 10915 | Lair:3   | Noticed a hell hog
 10918 | Lair:3   | 10918 ||| INVOKING Heroism.
 10945 | Lair:3   | Found a one-way gate to the infinite horrors of the Abyss.
 10945 | Lair:3   | Noticed qw's ghost (journeyman GrFi)
 10947 | Lair:3   | Found a transporter.
 10947 | Lair:3   | Noticed a hell hog
 10953 | Lair:3   | Found a transporter.
 11049 | Lair:3   | Found a hole to the Spider Nest.
 11128 | Lair:3   | Identified the staff "Halub" {rPois rF+ rC+ Stlth+ Fire}
 11172 | Lair:3   | 11172 ||| DRINKING potion of cancellation.
 11266 | Lair:3   | 11266 ||| INVOKING Heroism.
 11578 | Lair:3   | Noticed a seven-headed hydra
 11579 | Lair:3   | 11579 ||| INVOKING Heroism.
 11587 | Lair:3   | Killed a seven-headed hydra
 11588 | Lair:3   | Reached skill level 9 in Invocations
 11781 | Lair:3   | 11781 ||| DRINKING 3 fuming puce potions.
 11782 | Lair:3   | 11782 ||| DROPPING 2 potions of brilliance.
 11921 | Lair:4   | Found a runed translucent door.
 11926 | Lair:4   | Noticed qw's ghost (journeyman GrFi)
 12038 | Lair:4   | 12038 ||| INVOKING Heroism.
 12194 | Lair:4   | 12194 ||| INVOKING Heroism.
 12272 | Lair:4   | 12272 ||| INVOKING Heroism.
 12283 | Lair:4   | HP: 22/115 [elephant (14)]
 12284 | Lair:4   | 12284 ||| READING 3 scrolls of teleportation.
 12393 | Lair:4   | Identified the ring of Wetahomi {Wiz *Slow rPois Dex+6}
 12488 | Lair:4   | Reached XP level 13. HP: 122/122 MP: 19/19
 12498 | Lair:4   | Found a staircase to the Slime Pits.
 12701 | Lair:4   | 12701 ||| UPGRADING to ring of Wetahomi {Wiz *Slow rPois
                  | Dex+6}.
 12703 | Lair:4   | 12703 ||| DROPPING ring of poison resistance.
 12716 | Lair:5   | Entered Level 5 of the Lair of Beasts
 12718 | Lair:5   | 12718 ||| STAIRDANCE
 12737 | Lair:5   | 12737 ||| STAIRDANCE
 12777 | Lair:5   | 12777 ||| INVOKING Heroism.
 12813 | Lair:5   | 12813 ||| Stepping ~*~*~tactically~*~*~ (cloud).
 12825 | Lair:5   | 12825 ||| INVOKING Heroism.
 12826 | Lair:5   | 12826 ||| Stepping ~*~*~tactically~*~*~ (cloud).
 12827 | Lair:5   | 12827 ||| INVOKING Finesse.
 12862 | Lair:5   | Received a gift from Okawaru
 12946 | Lair:5   | 12946 ||| INVOKING Heroism.
 13045 | Lair:5   | 13045 ||| INVOKING Heroism.
 13237 | Lair:5   | 13237 ||| INVOKING Heroism.
 13246 | Lair:5   | Reached skill level 12 in Dodging
 13330 | Lair:5   | 13330 ||| INVOKING Heroism.
 13446 | Lair:5   | 13446 ||| INVOKING Heroism.
 13629 | Lair:5   | 13629 ||| Stepping ~*~*~tactically~*~*~ (outnumbered).
 13668 | Lair:5   | 13668 ||| INVOKING Heroism.
 13675 | Lair:5   | Identified the +3 triple crossbow of Recklessness {elec,
                  | rF+ rN+} (Okawaru gifted it to you on level 5 of the Lair
                  | of Beasts)
 13675 | Lair:5   | Received a gift from Okawaru
 13705 | Lair:5   | 13705 ||| SWAPPING to +3 triple crossbow of Recklessness
                  | {elec, rF+ rN+}.
 13706 | Lair:5   | 13706 ||| DROPPING +3 heavy sling.
 13707 | Lair:5   | 13707 ||| DROPPING +1 antimagic orcbow.
 13726 | Lair:5   | 13726 ||| INVOKING Heroism.
 13727 | Lair:5   | 13727 ||| INVOKING Finesse.
 13783 | Lair:5   | 13783 ||| INVOKING Heroism.
 13991 | Lair:5   | 13991 ||| PLANNING D:1-11
 13991 | Lair:5   | 13991 ||| READING 5 scrolls of identify.
 13991 | Lair:5   | 13991 ||| IDENTIFYING glowing emerald potion
 13992 | Lair:5   | 13992 ||| DROPPING potion of invisibility.
 14198 | D:10     | Entered Level 10 of the Dungeon
 14294 | D:10     | Reached skill level 15 in Ranged Weapons
 14395 | D:10     | Found a runed translucent door.
 14397 | D:10     | Noticed Urext's ghost (novice MiBe)
 14398 | D:10     | Identified the +10 spear of Wariness {drain, Fragile rElec
                  | Dex+3 SInv}
 14408 | D:10     | Noticed Erica
 14409 | D:10     | 14409 ||| INVOKING Heroism.
 14413 | D:10     | Killed Erica
 14712 | D:10     | 14712 ||| READING 5 scrolls of identify.
 14712 | D:10     | 14712 ||| IDENTIFYING bubbling ruby potion
 15073 | D:11     | 15073 ||| INVOKING Heroism.
 15095 | D:11     | 15095 ||| READING scroll of enchant armour.
 15095 | D:11     | 15095 ||| ENCHANTING +1 pair of boots.
 15169 | D:11     | 15169 ||| PLANNING D
 15169 | D:11     | 15169 ||| DROPPING +6 ring of strength.
 15170 | D:11     | 15170 ||| UPGRADING to +4 ring of protection.
 15172 | D:11     | 15172 ||| DROPPING ring of willpower.
 15173 | D:11     | 15173 ||| READING 6 scrolls of identify.
 15173 | D:11     | 15173 ||| IDENTIFYING bubbling puce potion
 15196 | D:12     | 15196 ||| FLEEEEING.
 15203 | D:12     | Reached XP level 14. HP: 129/133 MP: 20/20
 15232 | D:12     | Reached skill level 16 in Ranged Weapons
 15265 | D:12     | 15265 ||| INVOKING Heroism.
 15266 | D:12     | 15266 ||| Stepping ~*~*~tactically~*~*~ (outnumbered).
 15269 | D:12     | 15269 ||| Stepping ~*~*~tactically~*~*~ (outnumbered).
 15275 | D:12     | HP: 31/133 [meliai/divine providence (10)]
 15276 | D:12     | 15276 ||| READING 4 scrolls of teleportation.
 15276 | D:12     | HP: 8/133 [something (24)]
 15277 | D:12     | 15277 ||| DRINKING potion of heal wounds.
 15279 | D:12     | 15279 ||| READING 3 scrolls of teleportation.
 15279 | D:12     | Slain by a shadow

Levels and vault maps discovered:
D:1:      heliophobic_arrival_henge, layout_basic, st_stairs_13,
          minmay_tromino_i4
D:2:      layout_basic, chequers_ecumenical_altar_island, uniq_natasha
D:3:      layout_rooms, ebering_ghost_reflecting_pool, minivault_14,
          uniq_jessica
D:4:      layout_loops_cross, nicolae_uskayaw_suspiria, lemuel_doored_altar,
          fedhas_altar_1, lightli_sewer_entry_pipes, uniq_eustachio
D:5:      layout_rooms, makhleb_grotto_becter,
          gammafunk_temple_overflow_elements, minmay_temple_entry_large_hall
D:6:      layout_basic, mainiacjoe_overflow_alcove_2, nicolae_ru_awakened_eye,
          kennysheep_slug_shrine, nicolae_underground_beach
D:7:      layout_rooms, uniq_menkaure, uniq_pikel
D:8:      layout_gridville, nicolae_hepliaklqana_hazy_memory, uniq_maurice
D:9:      layout_small_grid, erik_lair_dragon, erik_orc_2
D:10:     layout_gridville, ebering_ghost_funeral_grove, uniq_erica
D:11:     layout_roguey
D:12:     layout_cave_pods, serial_shops, shop, enter_trove_5,
          nicolae_vehumet_radiance, uniq_rupert, uniq_urug
Temple:   nicolae_temple_bog_church
Lair:1:   layout_regular_city
Lair:2:   layout_hall_layers, minmay_swamp_entry_reptiles, gammafunk_ghost_icy,
          hangedman_tree_tricks, kennysheep_snail_temple, lemuel_fruit_fields
Lair:3:   layout_cave_pods, spider_nest_entry_webs,
          gammafunk_ghost_abyssal_escape
Lair:4:   layout_regular_city, slime_entry_1, ebering_ghost_reflecting_pool
Lair:5:   hangedman_lair_in_review, layout_cave_shapes, lemuel_fruit_tree

Skill      XL: |  1  2  3  4  5  6  7  8  9 10 11 12 13 14 |
---------------+-------------------------------------------+-----
Ranged Weapons | 3 4 5 7 8 11 14 15 16 | 16.1
Fighting       | 2 3 4 5 6 7 9 12 13 14 | 14.5
Armour         | 3 4 5 7 |  7.0
Dodging        | 3 4 6 8 10 12 | 12.1
Invocations    | 1 4 7 10 | 10.0
Spellcasting   | |  1.0
Hexes          | |  2.0

Action                     |  1- 3 |  4- 6 |  7- 9 | 10-12 | 13-15 || total
---------------------------+-------+-------+-------+-------+-------++-------
   Fire: Sling             |   114 |   166 |   281 |   633 |   179 ||  1373
         Triple crossbow   |       |       |       |       |   123 ||   123
 Invoke: Heroism           |       |       |     9 |    32 |    13 ||    54
         Finesse           |       |       |       |     1 |     2 ||     3
    Use: Scroll            |     5 |     7 |    10 |     4 |     6 ||    32
         Potion            |       |     2 |       |     4 |     1 ||     7
 Armour: Robe              |    13 |     1 |       |       |       ||    14
         Leather armour    |       |    27 |    49 |    21 |       ||    97
         Troll leather arm |       |       |       |   172 |    41 ||   213
  Dodge: Dodged            |    36 |    59 |   108 |   491 |   184 ||   878
  Block: Other             |       |       |     3 |   137 |    56 ||   196

Table legend:
 A = Non-vault XP
 B = Vault XP
 C = Vault XP percentage of total XP
 D = Non-vault monster count
 E = Vault monster count
 F = Vault count percentage of total count
                 A         B        C        D         E       F
            +---------+---------+-------+---------+---------+-------
      Total |   49965 |   16383 |  24.7 |     316 |      72 |  18.6
            +---------+---------+-------+---------+---------+-------
        D:1 |      54 |       8 |  12.9 |      30 |       5 |  14.3
        D:2 |      63 |      36 |  36.4 |      14 |       1 |   6.7
        D:3 |     198 |      37 |  15.7 |      16 |       1 |   5.9
        D:4 |     162 |     240 |  59.7 |      19 |      10 |  34.5
        D:5 |     503 |      48 |   8.7 |      19 |       1 |   5.0
        D:6 |     545 |       4 |   0.7 |      13 |       1 |   7.1
        D:7 |     423 |     869 |  67.3 |      13 |       2 |  13.3
        D:8 |     581 |     485 |  45.5 |      10 |       1 |   9.1
        D:9 |    3155 |    1511 |  32.4 |      18 |      19 |  51.4
       D:10 |    2285 |     863 |  27.4 |      17 |       1 |   5.6
       D:11 |    4080 |       0 |   0.0 |      14 |       0 |   0.0
       D:12 |    2444 |       0 |   0.0 |       9 |       0 |   0.0
     Lair:1 |    4261 |       0 |   0.0 |      20 |       0 |   0.0
     Lair:2 |    9447 |    3467 |  26.8 |      35 |       9 |  20.5
     Lair:3 |    4005 |     537 |  11.8 |      13 |       3 |  18.8
     Lair:4 |    7839 |       0 |   0.0 |      25 |       0 |   0.0
     Lair:5 |    9920 |    8278 |  45.5 |      31 |      18 |  36.7
            +---------+---------+-------+---------+---------+-------
